 Dungeon Crawl Stone Soup version 0.19.0-26-g9e9c210 (webtiles) character file.

51 equalderp2856 the Scratcher (level 3, -15/17 HPs)
             Began as a Felid Fighter on Nov 24, 2016.
             Demolished by Sigmund
             ... wielding a +0 scythe
              (17 damage)
             ... on level 2 of the Dungeon.
             The game lasted 00:07:08 (2800 turns).

equalderp2856 the Scratcher (Felid Fighter)         Turns: 2800, Time: 00:07:08

Health: -15/17     AC:  1    Str: 13    XL:     3   Next: 58%
Magic:  4/4        EV: 19    Int:  9    God:
Gold:   126        SH:  0    Dex: 15    Spells: 0 memorised, 2 levels left
                                        Lives:  0   Deaths: 1

rFire  . . .     SeeInvis +       - Unarmed
rCold  . . .     Gourm    .     (armour unavailable)
rNeg   . . .     Faith    .     (shield unavailable)
rPois  .         Spirit   .     (helmet unavailable)
rElec  .         Reflect  .     (cloak unavailable)
rCorr  .         Harm     .     (gloves unavailable)
MR     .....                    (boots unavailable)
Stlth  ++........               (no amulet)
                                (no ring)
                                (no ring)

@: quick
A: no armour, no weapons or thrown items, stealth, claws 1, fangs 3, see
invisible, carnivore 3, speed 1, shaggy fur 1, slow metabolism 1, sharp paws
a: no special abilities


You were on level 2 of the Dungeon.
You were not hungry.

You visited 1 branch of the dungeon, and saw 3 of its levels.

You collected 126 gold pieces.

Inventory:

Missiles
 o - 15 poisoned needles
Jewellery
 c - an uncursed ring of stealth {unknown}
 d - an uncursed ring of see invisible {unknown}
Wands
 r - a wand of disintegration (8/24)
Scrolls
 h - 3 scrolls of identify {unknown}
 i - 8 scrolls of remove curse {unknown}
 j - a scroll of enchant weapon {unknown}
 k - a scroll of amnesia {unknown}
 l - a scroll of recharging {unknown}
 m - a scroll of blinking {unknown}
 p - 3 scrolls of enchant armour {unknown}
Potions
 a - 2 potions of might
 f - a potion of brilliance {unknown}
Comestibles
 b - a meat ration
 g - a slice of pizza
 n - a royal jelly
 q - a beef jerky


   Skills:
 + Level 3.4 Fighting
 + Level 4.4 Dodging
 + Level 2.0 Stealth
 + Level 5.2 Unarmed Combat


You had 2 spell levels left.
You didn't know any spells.

Dungeon Overview and Level Annotations

Branches:
Dungeon (3/15)

Altars:
Nemelex Xobeh

Annotations:
D:2 Sigmund


Innate Abilities, Weirdness & Mutations

You cannot wear armour.
You are incapable of wielding weapons or throwing items.
Your paws allow you to move quietly. (Stealth)
You have sharp claws.
You have razor-sharp teeth.
You have supernaturally acute eyesight. (SInv)
You are carnivorous and can eat meat at any time.
You cover ground quickly.
You are covered in fur. (AC +1)
You have a slow metabolism.
Your sharp claws are effective at attacking unaware monsters.


Message History

You claw Robin!
You kill Robin!
Your Stealth skill increases to level 2!
Things that are here:
a spear; an animal skin; a runed helmet You start resting.
Things that are here:
a spear; an animal skin; a runed helmet
Things that are here:
a club; a hobgoblin corpse Sigmund shouts!
You scratch Sigmund.
Sigmund is severely wounded.
Sigmund hits you with a scythe!
Ouch! That really hurt!
* * * LOW HITPOINT WARNING * * *
It was a potion of magic.
Magic courses through your body. Sigmund hits you with a scythe!
Ouch! That really hurt!
You die...

.##.#####.###..### ##### ##..
###.##........(# ### #...
........#####.## ###.# #.##
###.#.### #.# ###...# #)# ##.#.#
#.# #...#.# #)# ##..#.# #.##
#.###.# #.# ...##.# #..#######.#
#.###.# #####.####
##..@#.....###.##..#
###......#######@..######..##.##
.....................)........#
##.?#....#####.#.########.#####
#.##....# ...#..# ##.#
...##......######.# ##..#
#####....### #)## ##..## #....#
#..###..## #....# #......##
#....# ####.....##


You could see Sigmund.

Vanquished Creatures
  Robin (D:2)
  A gnoll (D:3)
  An ooze (D:1)
  2 worms
  A leopard gecko (D:2)
  2 orcs (D:3)
  A ball python (D:3)
  10 bats
  2 giant cockroaches (D:1)
  11 goblins
  9 hobgoblins
  4 jackals (D:2)
  6 frilled lizards
  8 kobolds
  4 rats
63 creatures vanquished.

Notes
Turn   | Place    | Note
-------+----------+-------------------------------------------
     0 | D:1      | equalderp2856 the Felid Fighter began the quest for the Orb.
     0 | D:1      | Reached XP level 1. HP: 10/10 MP: 2/2
   303 | D:1      | Reached XP level 2. HP: 13/14 MP: 3/3
  1443 | D:1      | Reached XP level 3. HP: 12/17 MP: 4/4
  1653 | D:2      | Noticed Robin
  1853 | D:3      | Found a sparkling altar of Nemelex Xobeh.
  2061 | D:3      | Reached skill level 1 in Stealth
  2061 | D:3      | Reached skill level 5 in Unarmed Combat
  2264 | D:2      | Reached XP level 4. HP: 11/21 MP: 5/5
  2546 | D:2      | Noticed Sigmund
  2555 | D:2      | Killed from afar by Sigmund
  2556 | D:2      | Reached XP level 3. HP: -5/17 MP: 4/4
  2683 | D:2      | Killed Robin
  2800 | D:2      | Demolished by Sigmund

Skill      XL: |  1  2  3 |
---------------+----------+-----
Stealth        | 2 |  2.0
Unarmed Combat | 5 |  5.2
Fighting       | |  3.4
Dodging        | |  4.4

Action                   |  1- 3 |  4- 6 || total
-------------------------+-------+-------++-------
Melee: Unarmed           |   136 |    43 ||   179
       Bite              |    11 |     1 ||    12
       Punch             |     2 |       ||     2
  Use: Potion            |     1 |       ||     1
 Stab: Sleeping          |     3 |       ||     3
  Eat: Chunk             |     9 |     1 ||    10
Armor: Skin              |     6 |     2 ||     8
Dodge: Dodged            |   113 |    22 ||   135
